 Dungeon Crawl Stone Soup version 0.28.0-43-g3370ac3207 (webtiles) character file.

Game seed: 9515586420614799072

5196 Peloso the Carver (level 10, -2/88 HPs)
             Began as a Minotaur Fighter on Mar 6, 2022.
             Was a Believer of Okawaru.
             Slain by a troll (10 damage)
             ... on level 9 of the Dungeon.
             The game lasted 00:13:47 (9278 turns).

Peloso the Carver (Minotaur Fighter)                Turns: 9278, Time: 00:13:48

Health: -2/88      AC: 17    Str: 22    XL:     10   Next: 34%
Magic:  9/9        EV:  8    Int:  5    God:    Okawaru [**....]
Gold:   392        SH:  5    Dex: 13    Spells: 9/9 levels left

rFire   . . .      SeeInvis .   a - +1 long sword (spect)
rCold   . . .      Faith    .   c - +0 buckler
rNeg    . . .      Spirit   .   C - +0 plate armour
rPois   .          Reflect  .   (helmet restricted)
rElec   .          Harm     .   (no cloak)
rCorr   .          Rampage  .   p - +0 pair of gloves
Will    .....                   u - +0 pair of boots
Stlth   ..........              (no amulet)
HPRegen 0.24/turn               r - ring of flight
MPRegen 0.11/turn               (no ring)

@: about to teleport, flying
A: horns 2, retaliatory headbutt
a: Renounce Religion, Heroism


You were on level 9 of the Dungeon.
You worshipped Okawaru.
Okawaru was pleased with you.
You visited 2 branches of the dungeon, and saw 10 of its levels.
You also visited: Sewer.

You collected 392 gold pieces.

Inventory:

Hand Weapons
 a - a +1 spectral long sword (weapon)
 b - a +6 falchion of freezing
 y - a +0 short sword of flaming
Armour
 c - a +0 buckler (worn)
 p - a +0 pair of gloves (worn)
 u - a +0 pair of boots (worn)
 C - a +0 plate armour (worn)
Jewellery
 n - a +6 ring of intelligence
 r - a ring of flight (left hand)
Wands
 h - a wand of iceblast (7)
 x - a wand of polymorph (6)
Scrolls
 g - a scroll of silence
 i - a scroll of brand weapon
 j - a scroll of holy word
 k - a scroll of teleportation
 m - 3 scrolls of enchant weapon
 s - 2 scrolls of summoning
 t - a scroll of enchant armour
 v - a scroll of identify
 z - 2 scrolls of blinking {unknown}
 A - 2 scrolls of magic mapping {unknown}
 B - a scroll of amnesia {unknown}
Potions
 d - 3 potions of might
 e - a potion of ambrosia
 f - a potion of resistance
 l - 5 potions of heal wounds {unknown}
 o - 2 potions of flight {unknown}
 q - a potion of curing
 w - a potion of mutation {unknown}


   Skills:
 + Level 8.2 Fighting
 + Level 11.7 Long Blades
 + Level 10.6 Armour
 + Level 3.3 Dodging
 + Level 1.4 Stealth
 + Level 7.0 Shields


You had 9 spell levels left.
You didn't know any spells.
Your spell library contained the following spells:

 Spells                   Type           Power      Damage    Failure   Level
 Gell's Gravitas          Tloc           0%         N/A       100%        3
 Teleport Other           Tloc           0%         N/A       100%        3
 Dispersal                Tloc           0%         N/A       100%        6


Dungeon Overview and Level Annotations

Branches:
Dungeon (9/15)             Temple (1/1) D:7           Sewer (visited)
   Lair: D:8-11         Orc: D:9-12

Altars:
Ashenzari
Cheibriados
Dithmenos
Elyvilon
Gozag
Hepliaklqana
Kikubaaqudgha
Makhleb
Nemelex Xobeh
Okawaru
Qazlal
Sif Muna
Trog
Uskayaw
Vehumet
Wu Jian
Xom
Yredelemnul
The Shining One

Shops:
D:8 *

Annotations:
D:6 3 runed translucent doors, Zippel's ghost, novice BaTm


Innate Abilities, Weirdness & Mutations

You have a pair of horns on your head.
You reflexively headbutt those who attack you in melee.


Message History

You block the killer bee's attack.
You feel better. The killer bee stings you.
* * * LOW HITPOINT WARNING * * *
The howler monkey barely misses you. You furiously retaliate!
You headbutt the howler monkey! You block the troll's attack.
The troll claws you.
* * * LOW HITPOINT WARNING * * *
The troll completely misses you. The killer bee stings you.
* * * LOW HITPOINT WARNING * * *
As you read the scroll of teleportation, it crumbles to dust.
You feel strangely unstable.
The killer bee stings you but does no damage.
The howler monkey hoots and howls with incredible vigour!
The troll bites you.
* * * LOW HITPOINT WARNING * * *
The troll claws you but does no damage. You block the troll's attack.
The killer bee stings you.
* * * LOW HITPOINT WARNING * * *
You hear an angry buzzing noise. x3; You hear a bellow!
You hear two shouts!
You feel better.
The howler monkey hits you but does no damage.
The killer bee stings you but does no damage.
The troll bites you but does no damage. You block the troll's attack.
The troll claws you but does no damage.
The howler monkey hits you but does no damage.
You block the killer bee's attack.
A hornet comes into view.
You hit the troll. You headbutt the troll.
The troll is severely wounded.
The killer bee stings you but does no damage.
You block the troll's attack. The troll claws you.
* * * LOW HITPOINT WARNING * * *
The troll claws you but does no damage.
The howler monkey hits you but does no damage.
You slash the troll!
You headbutt the troll, but do no damage.
The troll is severely wounded.
The killer bee stings you but does no damage. x2
The troll bites you!
You die...

......... ........
......+ .....# ....+
... #h## #@y#
#####T### #.......#
##+###.###.#.#
#......# #...#
#...#### ##y...
#####..)#######..###
#...'...))....##.#
#.###...#####.# ..


You could see a troll, a hornet, a howler monkey and a killer bee.

Vanquished Creatures
  A two-headed ogre (D:8)
  Pikel (D:5)
  Joseph (D:8)
  Prince Ribbit (D:8)
  A water moccasin (D:7)
  Duvessa (D:6)
  6 orc warriors
  A black bear (D:6)
  2 necrophages
  An ogre (D:4)
  2 phantoms
  2 centaurs
  3 bullfrogs
  4 scorpions
  Dowan (D:5)
  A water moccasin skeleton (D:5)
  4 killer bees (D:9)
  9 wights (D:8)
  A howler monkey (D:9)
  A jelly (D:5)
  2 bullfrog zombies (D:6)
  A gnoll shaman (D:5)
  A centaur skeleton (D:5)
  2 hounds
  2 centaur zombies
  7 orc priests
  A hell rat (Sewer)
  2 iguanas
  8 orc wizards
  A killer bee zombie (D:8)
  A hound zombie (D:5)
  A howler monkey skeleton (D:7)
  17 gnolls
  5 adders
  2 river rats (Sewer)
  2 white imps
  An ufetubus (D:2)
  2 worms (D:2)
  2 dart slugs (D:1)
  27 orcs
  9 ball pythons
  7 bats
  5 endoplasms
  3 giant cockroaches
  3 goblins
  7 hobgoblins
  2 jackals (D:4)
  5 quokkas
  4 kobolds
  10 rats
186 creatures vanquished.

Vanquished Creatures (others)
  3 plants (D:5)
3 creatures vanquished.

Grand Total: 189 creatures vanquished

Notes
Turn   | Place    | Note
-------+----------+-------------------------------------------
     0 | D:1      | Peloso the Minotaur Fighter began the quest for the Orb.
     0 | D:1      | Reached XP level 1. HP: 19/19 MP: 0/0
   135 | D:1      | Reached XP level 2. HP: 24/27 MP: 1/1
   889 | D:2      | Found a faded altar of an unknown god.
   942 | D:2      | Reached XP level 3. HP: 33/33 MP: 2/2
  1036 | D:2      | Reached skill level 3 in Long Blades
  1231 | D:2      | Reached XP level 4. HP: 26/40 MP: 3/3
  2783 | D:4      | Noticed an ogre
  2795 | D:4      | Killed an ogre
  2796 | D:4      | Reached skill level 4 in Long Blades
  2796 | D:4      | Reached XP level 5. HP: 26/47 MP: 4/4
  3083 | D:4      | Reached skill level 5 in Armour
  3083 | D:4      | Reached skill level 1 in Dodging
  3227 | D:4      | Noticed a phantom
  3240 | D:4      | Killed a phantom
  3241 | D:4      | Reached skill level 5 in Long Blades
  3241 | D:4      | Reached XP level 6. HP: 29/53 MP: 5/5
  3542 | D:5      | Entered Level 5 of the Dungeon
  3735 | D:5      | Reached skill level 5 in Shields
  3735 | D:5      | Reached XP level 7. HP: 42/60 MP: 6/6
  3962 | D:5      | Reached skill level 6 in Long Blades
  4293 | D:5      | Reached skill level 5 in Fighting
  4308 | D:5      | Noticed Pikel
  4328 | D:5      | Killed Pikel
  4329 | D:5      | Reached skill level 7 in Long Blades
  4329 | D:5      | Reached XP level 8. HP: 35/70 MP: 7/7
  4577 | D:5      | Found an ornate altar of the Wu Jian Council.
  5167 | D:6      | Reached skill level 8 in Long Blades
  5211 | D:6      | Found a runed translucent gate.
  5211 | D:6      | Noticed Zippel's ghost (novice BaTm)
  5212 | D:6      | Found a runed translucent gate.
  5266 | D:6      | Found a glowing drain.
  5299 | D:6      | Found a shadowy altar of Dithmenos.
  5355 | D:6      | Reached skill level 9 in Long Blades
  5366 | D:6      | Reached XP level 9. HP: 49/78 MP: 8/8
  5368 | D:6      | Noticed Dowan
  5377 | D:6      | Noticed Duvessa
  5395 | D:6      | Killed Duvessa
  5396 | D:6      | Reached skill level 1 in Stealth
  5409 | D:5      | Killed Dowan
  5863 | Sewer    | Entered a sewer
  6098 | D:6      | Found a runed translucent gate.
  6223 | D:6      | Found a basalt altar of Yredelemnul.
  6224 | D:6      | Found a hazy altar of Hepliaklqana.
  6225 | D:6      | Found a white marble altar of Elyvilon.
  6226 | D:6      | Found a glowing golden altar of the Shining One.
  6923 | D:7      | Found a staircase to the Ecumenical Temple.
  7105 | D:7      | Reached skill level 10 in Long Blades
  7524 | Temple   | Entered the Ecumenical Temple
  7544 | Temple   | Became a worshipper of Warmaster Okawaru
  7861 | D:8      | Reached * piety under Okawaru
  8233 | D:8      | Found an opulent altar of Gozag.
  8239 | D:8      | Found Gozag's Platinum Reserve.
  8299 | D:8      | Noticed a two-headed ogre
  8304 | D:8      | Killed a two-headed ogre
  8305 | D:8      | Reached skill level 11 in Long Blades
  8305 | D:8      | Reached skill level 10 in Armour
  8305 | D:8      | Reached XP level 10. HP: 58/86 MP: 9/9
  8440 | D:8      | Noticed Joseph
  8450 | D:8      | Killed Joseph
  8464 | D:8      | Noticed Prince Ribbit
  8474 | D:8      | Killed Prince Ribbit
  8487 | D:8      | Reached ** piety under Okawaru
  9278 | D:9      | Slain by a troll

Illustrated notes

Levels and vault maps discovered:
D:1:      lightli_arrival_isolated_outpost, layout_rooms, serial_rivers,
          chequers_serial_rivers_small_a, chequers_serial_rivers_large_b,
          chequers_serial_rivers_micro_e, chequers_serial_rivers_room_b,
          chequers_serial_rivers_marsh, patterned_corridor
D:2:      layout_loops_corners, dreamdust_ecumenical_altar_statues
D:3:      layout_basic
D:4:      layout_gridville
D:5:      layout_basic, nicolae_wu_jian_wuxing_cycle, corexii_shack, uniq_pikel
D:6:      layout_basic, nicolae_dithmenos_shadow_blocks,
          mainiacjoe_overflow_alcove_3, gammafunk_ghost_split,
          gup_sewer_entry_glass, grunt_decor_resistance, columned_hall_lemuel,
          kennysheep_generic_room_10, uniq_duvessa, uniq_crazy_yiuf_cottage
D:7:      layout_cave_pods, minmay_temple_entry_waves
D:8:      layout_cave_pools, nicolae_gozag_zags_fifth_avenue,
          uniq_prince_ribbit1, uniq_joseph
D:9:      layout_basic, nicolae_ru_great_annihilating_truth,
          mainiacjoe_overflow_concentric_impassable, dpeg_lair_monsters
Temple:   minmay_temple_bridge_abc

Skill      XL: |  1  2  3  4  5  6  7  8  9 10 |
---------------+-------------------------------+-----
Shields        | 4 5 6 7 |  7.0
Fighting       | 4 5 6 7 8 |  8.2
Armour         | 4 5 6 7 8 10 | 10.6
Long Blades    | 3 4 5 7 9 11 | 11.7
Dodging        | 1 2 3 |  3.3
Stealth        | 1 |  1.4

Action                   |  1- 3 |  4- 6 |  7- 9 | 10-12 || total
-------------------------+-------+-------+-------+-------++-------
Melee: Long sword        |    73 |    97 |   211 |    76 ||   457
       Headbutt          |     9 |    23 |    42 |    19 ||    93
  Use: Scroll            |       |     6 |     8 |     1 ||    15
       Potion            |       |       |       |     2 ||     2
 Stab: Distracted        |       |       |     1 |     1 ||     2
Armor: Scale mail        |    33 |    31 |    32 |       ||    96
       Chain mail        |       |       |    56 |       ||    56
       Plate armour      |       |       |    10 |    64 ||    74
Dodge: Dodged            |    47 |    33 |   107 |    39 ||   226
Block: Buckler           |    22 |    24 |    48 |    25 ||   119
